Boston Bruins vs New York Rangers

Created - Monday, November 3, 2025 at 07:02

Goals
1 2 3 T
Boston Bruins 0 1 1 2
New York Rangers 1 2 1 4
Shots
1 2 3 T
Boston Bruins 7 6 16 29
New York Rangers 16 11 2 29

1st period

1. New York Rangers , Jake Walman 7 (Cole Caufield 32, Artemi Panarin 43) at 19:54

Penalties :
Maxim Tsyplakov (BOS) for Interference (Minor) at 12:02, Cam Fowler (NYR) for Hooking (Minor) at 12:58

2nd period

2. Boston Bruins , Viktor Arvidsson 19 (Mark Kastelic 22, Joel Farabee 17) at 1:07
3. New York Rangers , Conor Garland 28 (Mikael Granlund 51) at 2:35
4. New York Rangers , David Kampf 9 (Noel Acciari 11, Eric Robinson 1) at 4:16

Penalties :
Maxim Tsyplakov (BOS) for Tripping (Minor) at 7:20, Conor Garland (NYR) for Slashing (Minor) at 8:58, Jake Neighbours (BOS) for Holding (Minor) at 17:30

3rd period

5. Boston Bruins , Jake Neighbours 28 (Jaden Schwartz 49) at 2:47 (PP)
6. New York Rangers , Marcus Foligno 13 (Noel Acciari 12, Mikael Granlund 52) at 19:57 (Empty Net)

Penalties :
Jake Walman (NYR) for Holding Stick (Minor) at 2:44, Artemi Panarin (NYR) for Roughing (Double Minor) at 7:34

Goalie Stats

Petr Mrazek (BOS), 25 saves from 28 shots - (0.893), L, 14-23-7, 58:34 minutes
Kevin Lankinen (NYR), 27 saves from 29 shots - (0.931), W, 7-4-1, 60:00 minutes

Players Stats for Boston Bruins

Player Name              G  A  P  +/- PIM S  H  SB GA TA FO     MP     PP MP  PK MP  
------------------------------------------------------------------------------------
Adam Wilsby              0  0  0  -1  0   0  1  3  0  0  0/0    18:14   3:12   2:45 
Alex Laferriere          0  0  0  -1  0   3  2  2  0  0  2/5    20:59   3:15   2:10 
Beck Malenstyn           0  0  0  -2  0   0  2  0  0  0  0/1     8:34   0:08   0:00 
Fabian Lysell            0  0  0  -2  0   1  0  0  0  0  0/0     8:52   0:26   0:00 
Jaden Schwartz           0  1  1  -1  0   6  0  0  0  0  6/17   18:20   2:45   0:39 
Jake Neighbours          1  0  1  -1  2   6  3  0  0  1  0/0    20:04   2:39   1:22 
Joel Farabee             0  1  1   0  0   0  2  0  0  0  1/2    13:08   1:05   0:13 
John Marino              0  0  0  -1  0   0  1  1  0  0  0/0    21:08   3:06   1:48 
Mark Kastelic            0  1  1   0  0   1  1  0  1  0  4/9    11:41   0:14   0:01 
Maxim Tsyplakov          0  0  0   0  4   2  1  2  3  0  1/1    15:33   2:56   0:00 
Rasmus Sandin            0  0  0  -2  0   4  0  0  1  1  0/0    25:13   3:06   1:48 
Ryan Strome              0  0  0   0  0   1  2  0  0  1  11/17  18:29   2:56   1:54 
Sam Colangelo            0  0  0  -2  0   1  3  0  0  0  0/3     9:24   0:58   0:00 
Samuel Girard            0  0  0  -1  0   0  0  0  0  0  0/0    13:22   0:18   0:00 
Ty Emberson              0  0  0  -1  0   2  1  2  0  3  0/0    25:55   3:12   2:45 
Victor Mancini           0  0  0   0  0   0  1  1  0  0  0/0    16:08   0:18   0:00 
Viktor Arvidsson         1  0  1   0  0   1  1  0  0  0  0/0    11:39   0:00   0:35 
Vladimir Tarasenko       0  0  0   0  0   1  0  0  0  0  1/1    17:17   2:26   2:12 

Players Stats for New York Rangers

Player Name              G  A  P  +/- PIM S  H  SB GA TA FO     MP     PP MP  PK MP  
------------------------------------------------------------------------------------
Adam Larsson             0  0  0   3  0   0  0  0  0  0  0/0    20:10   0:00   2:50 
Artemi Panarin           0  1  1   1  4   3  1  1  0  0  1/3    19:08   2:24   0:18 
Cam Fowler               0  0  0   0  2   0  1  0  0  0  0/0    16:27   2:02   0:44 
Cole Caufield            0  1  1   1  0   2  2  0  0  0  2/4    20:00   2:24   1:16 
Conor Garland            1  0  1   1  2   2  2  1  0  0  1/1    14:29   2:07   0:00 
David Kampf              1  0  1   1  0   2  0  0  0  1  1/2    10:26   0:01   2:42 
Dmitry Kulikov           0  0  0   0  0   2  0  2  0  0  0/0    17:13   0:00   2:47 
Dylan Strome             0  0  0   1  0   1  1  0  1  0  7/11   14:42   2:08   0:00 
Eric Robinson            0  1  1   1  0   1  1  0  0  0  0/0     7:37   0:01   0:00 
Jake Walman              1  0  1   3  2   1  2  1  0  1  0/0    23:32   2:30   3:27 
Luke Schenn              0  0  0   0  0   1  0  1  0  0  0/0    17:19   0:00   0:37 
Marcus Foligno           1  0  1   0  0   1  1  0  1  0  0/1    14:36   0:01   2:37 
Mikael Granlund          0  2  2   2  0   6  2  0  1  1  1/1    19:36   2:30   2:34 
Nathan MacKinnon         0  0  0   1  0   3  3  0  2  1  15/27  21:34   2:24   2:43 
Noel Acciari             0  2  2   2  0   2  1  0  0  0  1/1     8:17   0:00   0:00 
Olli Maatta              0  0  0   0  0   0  1  1  0  1  0/0    20:33   0:00   2:47 
Teuvo Teravainen         0  0  0  -1  0   1  0  1  1  0  1/5    12:35   2:03   0:00 
Timo Meier               0  0  0  -1  0   1  1  0  0  0  0/0    13:42   2:08   1:02 

3 Stars

1 - Mikael Granlund (NYR)
2 - Jake Walman (NYR)
3 - Noel Acciari (NYR)

Power Play

Boston Bruins - 1 on 5 Attempt(s) - 20.00%
New York Rangers - 0 on 3 Attempt(s) - 0.00%

Penalty Kill

Boston Bruins - 3 on 3 Attempt(s) - 100.00% - Score 0 goal in Penalty Kill
New York Rangers - 4 on 5 Attempt(s) - 80.00% - Score 0 goal in Penalty Kill

Team Stat

Boston Bruins - Hits : 21 - Faceoff Wins : 26 - Blocked Shots : 11 - Penalty Minutes : 6
New York Rangers - Hits : 19 - Faceoff Wins : 30 - Blocked Shots : 8 - Penalty Minutes : 10

Official

Referees : Jean Hebert and Justin St. Pierre
Linesman : Kyle Flemington and Joseph Mahon

Game Notes

Marcus Foligno has scored in a empty net!

Finance

Level 1 -- Attendance: 5344 (89.07%) -- Ticket Income $507,680
Level 2 -- Attendance: 3500 (70.00%) -- Ticket Income $210,000
Level 3 -- Attendance: 2100 (70.00%) -- Ticket Income $79,800
Level 4 -- Attendance: 3865 (77.30%) -- Ticket Income $96,625
Luxury Box -- Attendance: 975 (97.50%) -- Ticket Income $184,275
Game was played at the Madison Square Garden.
Total Attendance: 15784 (78.92%)
Total Ticket Income: $1,078,380
Other Income: $377,433
Total Income: $1,455,813

Boston Bruins

5 vs 5 Forward 
   Center                   Left Wing                Right Wing               Time % Phy DF OF 
 1 Jaden Schwartz           Jake Neighbours          Alex Laferriere          30     1   2  2  
 2 Ryan Strome              Vladimir Tarasenko       Maxim Tsyplakov          30     1   2  2  
 3 Mark Kastelic            Joel Farabee             Viktor Arvidsson         25     1   2  2  
 4 Sam Colangelo            Beck Malenstyn           Fabian Lysell            15     1   2  2  

5 vs 5 Defense 
   Defense                  Defense                                           Time % Phy DF OF 
 1 Victor Mancini           Ty Emberson                                       30     1   2  2  
 2 Rasmus Sandin            John Marino                                       30     1   2  2  
 3 Samuel Girard            Adam Wilsby                                       25     1   2  2  
 4 Rasmus Sandin            Ty Emberson                                       15     1   2  2  

PowerPlay Forward 
   Center                   Left Wing                Right Wing               Time % Phy DF OF 
 1 Jaden Schwartz           Jake Neighbours          Alex Laferriere          50     1   2  2  
 2 Ryan Strome              Vladimir Tarasenko       Maxim Tsyplakov          50     1   2  2  

PowerPlay Defense
   Defense                  Defense                                           Time % Phy DF OF 
 1 Adam Wilsby              Ty Emberson                                       50     1   2  2  
 2 Rasmus Sandin            John Marino                                       50     1   2  2  

Penalty Kill 4 Players Forward 
   Center                   Wing                     Time % Phy DF OF 
 1 Vladimir Tarasenko       Jake Neighbours          50     1   2  2  
 2 Alex Laferriere          Ryan Strome              50     1   2  2  

Penalty Kill 4 Players Defense
   Defense                  Defense                  Time % Phy DF OF 
 1 Adam Wilsby              Ty Emberson              50     1   2  2  
 2 Rasmus Sandin            John Marino              50     1   2  2  

Penalty Kill - 3 Players Forward 
   Forward                                           Time % Phy DF OF 
 1 Alex Laferriere                                   50     1   2  2  
 2 Jake Neighbours                                   50     1   2  2  

Penalty Kill - 3 Players Defense
   Defense                  Defense                  Time % Phy DF OF 
 1 Victor Mancini           Ty Emberson              50     1   2  2  
 2 Rasmus Sandin            John Marino              50     1   2  2  

4 vs 4 Forward 
   Center                   Wing                     Time % Phy DF OF 
 1 Joel Farabee             Jake Neighbours          50     1   2  2  
 2 Alex Laferriere          Ryan Strome              50     1   2  2  

4 vs 4 Defense
   Defense                  Defense                  Time % Phy DF OF 
 1 Victor Mancini           Ty Emberson              50     1   2  2  
 2 Rasmus Sandin            John Marino              50     1   2  2  

Last Minutes Offensive
   Center                   Left Wing                Right Wing               Defense                  Defense                  
   Jaden Schwartz           Jake Neighbours          Alex Laferriere          Victor Mancini           Ty Emberson              

Last Minutes Defensive
   Center                   Left Wing                Right Wing               Defense                  Defense                  
   Jaden Schwartz           Jake Neighbours          Alex Laferriere          Victor Mancini           Ty Emberson              

Goaltenders
Starting : Petr Mrazek              
Backup : Leevi Merilainen         

Extra Forwards
Normal : Sam Colangelo, Joel Farabee, Viktor Arvidsson - PP : Sam Colangelo, Joel Farabee - PK : Viktor Arvidsson
Extra Defensemen
Normal : Ty Emberson, Adam Wilsby, Rasmus Sandin - PP : Rasmus Sandin - PK : Adam Wilsby, Rasmus Sandin
Penalty Shots
Viktor Arvidsson, Jake Neighbours, Alex Laferriere, Ryan Strome, Vladimir Tarasenko

Scratches
Aatu Raty (Healthy), Urho Vaakanainen (Healthy), Taylor Raddysh (Healthy), Sam Morton (Healthy), Jakob Pelletier (Healthy)

New York Rangers

5 vs 5 Forward 
   Center                   Left Wing                Right Wing               Time % Phy DF OF 
 1 Nathan MacKinnon         Cole Caufield            Artemi Panarin           38     0   2  3  
 2 Dylan Strome             Conor Garland            Mikael Granlund          30     1   1  3  
 3 Teuvo Teravainen         Timo Meier               Marcus Foligno           22     2   1  2  
 4 Noel Acciari             David Kampf              Eric Robinson            10     1   3  1  

5 vs 5 Defense 
   Defense                  Defense                                           Time % Phy DF OF 
 1 Jake Walman              Adam Larsson                                      36     1   2  2  
 2 Olli Maatta              Luke Schenn                                       34     1   2  2  
 3 Cam Fowler               Dmitry Kulikov                                    30     1   2  2  
 4 Jake Walman              Adam Larsson                                      0      1   2  2  

PowerPlay Forward 
   Center                   Left Wing                Right Wing               Time % Phy DF OF 
 1 Nathan MacKinnon         Cole Caufield            Artemi Panarin           60     0   1  4  
 2 Dylan Strome             Timo Meier               Conor Garland            40     0   1  4  

PowerPlay Defense
   Defense                  Defense                                           Time % Phy DF OF 
 1 Mikael Granlund          Jake Walman                                       60     1   1  3  
 2 Cam Fowler               Teuvo Teravainen                                  40     1   1  3  

Penalty Kill 4 Players Forward 
   Center                   Wing                     Time % Phy DF OF 
 1 David Kampf              Marcus Foligno           50     1   3  1  
 2 Mikael Granlund          Nathan MacKinnon         50     1   3  1  

Penalty Kill 4 Players Defense
   Defense                  Defense                  Time % Phy DF OF 
 1 Jake Walman              Dmitry Kulikov           50     1   3  1  
 2 Adam Larsson             Olli Maatta              50     1   3  1  

Penalty Kill - 3 Players Forward 
   Forward                                           Time % Phy DF OF 
 1 Noel Acciari                                      50     1   4  0  
 2 Mikael Granlund                                   50     1   4  0  

Penalty Kill - 3 Players Defense
   Defense                  Defense                  Time % Phy DF OF 
 1 Dmitry Kulikov           Jake Walman              50     1   3  1  
 2 Adam Larsson             Olli Maatta              50     1   3  1  

4 vs 4 Forward 
   Center                   Wing                     Time % Phy DF OF 
 1 Nathan MacKinnon         Mikael Granlund          50     1   2  2  
 2 Artemi Panarin           Cole Caufield            50     1   2  2  

4 vs 4 Defense
   Defense                  Defense                  Time % Phy DF OF 
 1 Olli Maatta              Adam Larsson             50     1   2  2  
 2 Jake Walman              Luke Schenn              50     1   2  2  

Last Minutes Offensive
   Center                   Left Wing                Right Wing               Defense                  Defense                  
   Nathan MacKinnon         Cole Caufield            Artemi Panarin           Cam Fowler               Jake Walman              

Last Minutes Defensive
   Center                   Left Wing                Right Wing               Defense                  Defense                  
   Noel Acciari             Mikael Granlund          Marcus Foligno           Jake Walman              Adam Larsson             

Goaltenders
Starting : Kevin Lankinen           
Backup : Igor Shesterkin          

Extra Forwards
Normal : Dylan Strome, Teuvo Teravainen, Mikael Granlund - PP : Dylan Strome, Teuvo Teravainen - PK : Mikael Granlund
Extra Defensemen
Normal : Cam Fowler, Dmitry Kulikov, Jake Walman - PP : Cam Fowler - PK : Dmitry Kulikov, Jake Walman
Penalty Shots
Nathan MacKinnon, Artemi Panarin, Cole Caufield, Mikael Granlund, Teuvo Teravainen

Scratches
Tyler Motte (Healthy), Nicolas Hague (Healthy)

% Time on Ice - Boston Bruins

Lines # - Real PCT - Wanted PCT - Time Play
Normal Forward
1 - 30% - 30% - 13:56
2 - 28% - 30% - 13:01
3 - 24% - 25% - 11:04
4 - 18% - 15% - 8:26
Normal Defense
1 - 31% - 30% - 14:24
2 - 31% - 30% - 14:23
3 - 28% - 25% - 12:47
4 - 11% - 15% - 4:53
PP Forward
1 - 50% - 50% - 3:17
2 - 50% - 50% - 3:19
PP Defense
1 - 53% - 50% - 3:30
2 - 47% - 50% - 3:06
PK Forward
1 - 58% - 50% - 2:39
2 - 42% - 50% - 1:54
PK Defense
1 - 60% - 50% - 2:45
2 - 40% - 50% - 1:48
PK3 Forward
1 - 0% - 50%
2 - 0% - 50%
PK3 Defense
1 - 0% - 50%
2 - 0% - 50%
44 Forward
1 - 55% - 50% - 0:46
2 - 45% - 50% - 0:38
44 Defense
1 - 36% - 50% - 0:30
2 - 64% - 50% - 0:54
Last Minute Offensive  - 1:00
Last Minute Defensive  - 0:00
Total
Forward - 60:00
Defense - 60:00

% Time on Ice - New York Rangers

Lines # - Real PCT - Wanted PCT - Time Play
Normal Forward
1 - 34% - 38% - 15:52
2 - 27% - 30% - 12:46
3 - 23% - 22% - 10:32
4 - 16% - 10% - 7:17
Normal Defense
1 - 35% - 36% - 16:26
2 - 36% - 34% - 16:32
3 - 29% - 30% - 13:29
4 - 0% - 0% - 0:00
PP Forward
1 - 53% - 60% - 2:24
2 - 47% - 40% - 2:09
PP Defense
1 - 55% - 60% - 2:30
2 - 45% - 40% - 2:03
PK Forward
1 - 48% - 50% - 3:12
2 - 52% - 50% - 3:24
PK Defense
1 - 55% - 50% - 3:39
2 - 45% - 50% - 2:57
PK3 Forward
1 - 0% - 50%
2 - 0% - 50%
PK3 Defense
1 - 0% - 50%
2 - 0% - 50%
44 Forward
1 - 58% - 50% - 0:49
2 - 42% - 50% - 0:35
44 Defense
1 - 88% - 50% - 1:14
2 - 12% - 50% - 0:10
Last Minute Offensive  - 0:00
Last Minute Defensive  - 1:00
Total
Forward - 60:00
Defense - 60:00

Play-by-Play

1st period


0:01 of 1st period - Nathan MacKinnon wins face-off versus Jaden Schwartz in neutral zone.
0:06 of 1st period - Snap shot by Artemi Panarin.
0:06 of 1st period - Shot Misses the Net.
0:26 of 1st period - Ryan Strome is hit by Conor Garland and loses puck.
1:24 of 1st period - Icing by Beck Malenstyn.
1:25 of 1st period - Nathan MacKinnon wins face-off versus Sam Colangelo in Boston Bruins zone.
2:18 of 1st period - Wrist shot by Jake Neighbours.
2:18 of 1st period - Stopped by Kevin Lankinen with a rebound.
3:30 of 1st period - Dmitry Kulikov is hit by Adam Wilsby and loses puck.
4:16 of 1st period - Snap shot by Eric Robinson.
4:16 of 1st period - Stopped by Petr Mrazek with a rebound.
4:18 of 1st period - Snap shot by Teuvo Teravainen.
4:18 of 1st period - Shot Blocked by Adam Wilsby.
4:48 of 1st period - Jake Walman is hit by Ryan Strome.
6:11 of 1st period - Snap shot by Conor Garland.
6:11 of 1st period - Deflect By Dylan Strome.
6:11 of 1st period - Shot Misses the Net.
6:11 of 1st period - Puck is out of play.
6:12 of 1st period - Jaden Schwartz wins face-off versus Dylan Strome in Boston Bruins zone.
6:39 of 1st period - Vladimir Tarasenko is hit by Nathan MacKinnon.
7:05 of 1st period - Wrist shot by Timo Meier.
7:05 of 1st period - Stopped by Petr Mrazek with a rebound.
7:07 of 1st period - Snap shot by Marcus Foligno.
7:07 of 1st period - Shot Misses the Net.
7:39 of 1st period - Icing by Beck Malenstyn.
7:40 of 1st period - Dylan Strome wins face-off versus Beck Malenstyn in Boston Bruins zone.
8:05 of 1st period - Dmitry Kulikov is hit by Beck Malenstyn.
8:06 of 1st period - Icing by Dmitry Kulikov.
8:07 of 1st period - Ryan Strome wins face-off versus Dylan Strome in New York Rangers zone.
8:34 of 1st period - Snap shot by Mikael Granlund.
8:34 of 1st period - Deflect By Jaden Schwartz.
8:34 of 1st period - Stopped by Petr Mrazek with a rebound.
8:36 of 1st period - Slapshot by Dmitry Kulikov.
8:36 of 1st period - Shot Misses the Net.
8:38 of 1st period - Snap shot by Mikael Granlund.
8:38 of 1st period - Shot Misses the Net.
8:40 of 1st period - Snap shot by Dmitry Kulikov.
8:40 of 1st period - Deflect By Ty Emberson.
8:40 of 1st period - Stopped by Petr Mrazek with a rebound.
8:42 of 1st period - Wrist shot by Mikael Granlund.
8:42 of 1st period - Deflect By Ty Emberson.
8:42 of 1st period - Stopped by Petr Mrazek without a rebound.
8:43 of 1st period - Nathan MacKinnon wins face-off versus Mark Kastelic in Boston Bruins zone.
8:44 of 1st period - Snap shot by Cole Caufield.
8:44 of 1st period - Stopped by Petr Mrazek without a rebound.
8:45 of 1st period - Mark Kastelic wins face-off versus Nathan MacKinnon in Boston Bruins zone.
8:50 of 1st period - Slapshot by Joel Farabee.
8:50 of 1st period - Shot Blocked by Olli Maatta.
8:56 of 1st period - Wrist shot by Nathan MacKinnon.
8:56 of 1st period - Stopped by Petr Mrazek with a rebound.
9:23 of 1st period - Slapshot by Eric Robinson.
9:23 of 1st period - Deflect By David Kampf.
9:23 of 1st period - Shot Misses the Net.
9:23 of 1st period - Puck is out of play.
9:24 of 1st period - Jaden Schwartz wins face-off versus Nathan MacKinnon in Boston Bruins zone.
9:39 of 1st period - Slapshot by Nathan MacKinnon.
9:39 of 1st period - Stopped by Petr Mrazek without a rebound.
9:40 of 1st period - Ryan Strome wins face-off versus Teuvo Teravainen in Boston Bruins zone.
9:45 of 1st period - Snap shot by Teuvo Teravainen.
9:45 of 1st period - Stopped by Petr Mrazek with a rebound.
10:05 of 1st period - Rasmus Sandin is hit by Cole Caufield and loses puck.
10:32 of 1st period - Wrist shot by Mikael Granlund.
10:32 of 1st period - Stopped by Petr Mrazek with a rebound.
10:34 of 1st period - Snap shot by Mikael Granlund.
10:34 of 1st period - Stopped by Petr Mrazek without a rebound.
10:35 of 1st period - Nathan MacKinnon wins face-off versus Ryan Strome in Boston Bruins zone.
11:39 of 1st period - Off-side.
11:40 of 1st period - Conor Garland wins face-off versus Mark Kastelic in neutral zone.
11:43 of 1st period - Wrist shot by Mikael Granlund.
11:43 of 1st period - Shot Misses the Net.
11:45 of 1st period - Snap shot by Conor Garland.
11:45 of 1st period - Shot Blocked by John Marino.
11:47 of 1st period - Snap shot by Luke Schenn.
11:47 of 1st period - Stopped by Petr Mrazek without a rebound.
11:48 of 1st period - Nathan MacKinnon wins face-off versus Mark Kastelic in Boston Bruins zone.
11:59 of 1st period - Slapshot by Artemi Panarin.
11:59 of 1st period - Stopped by Petr Mrazek without a rebound.
12:00 of 1st period - Maxim Tsyplakov wins face-off versus Nathan MacKinnon in Boston Bruins zone.
12:02 of 1st period - Minor Penalty to Maxim Tsyplakov for Interference.
12:03 of 1st period - Vladimir Tarasenko wins face-off versus Nathan MacKinnon in Boston Bruins zone.
12:58 of 1st period - Minor Penalty to Cam Fowler for Hooking.
12:59 of 1st period - Nathan MacKinnon wins face-off versus Joel Farabee in New York Rangers zone.
13:04 of 1st period - Wrist shot by Mikael Granlund.
13:04 of 1st period - Shot Misses the Net.
13:51 of 1st period - Snap shot by Artemi Panarin.
13:51 of 1st period - Stopped by Petr Mrazek without a rebound.
13:52 of 1st period - Artemi Panarin wins face-off versus Alex Laferriere in Boston Bruins zone.
14:02 of 1st period - Penalty to Maxim Tsyplakov is over, Maxim Tsyplakov is back on ice.
14:03 of 1st period - Wrist shot by Maxim Tsyplakov.
14:03 of 1st period - Stopped by Kevin Lankinen with a rebound.
14:05 of 1st period - Backhand shot by Alex Laferriere.
14:05 of 1st period - Shot Blocked by Jake Walman.
14:17 of 1st period - Wrist shot by Alex Laferriere.
14:17 of 1st period - Stopped by Kevin Lankinen with a rebound.
14:19 of 1st period - Wrist shot by Ryan Strome.
14:19 of 1st period - Stopped by Kevin Lankinen without a rebound.
14:20 of 1st period - David Kampf wins face-off versus Jaden Schwartz in New York Rangers zone.
14:41 of 1st period - Adam Larsson is hit by Jake Neighbours and loses puck.
14:58 of 1st period - Penalty to Cam Fowler is over, Cam Fowler is back on ice.
15:30 of 1st period - John Marino is hit by Cole Caufield and loses puck.
16:49 of 1st period - Joel Farabee is hit by Timo Meier and loses puck.
17:10 of 1st period - Wrist shot by Maxim Tsyplakov.
17:10 of 1st period - Shot Blocked by Conor Garland.
17:16 of 1st period - Maxim Tsyplakov is hit by Dylan Strome and loses puck.
17:29 of 1st period - Sam Colangelo is hit by Eric Robinson and loses puck.
17:50 of 1st period - Snap shot by Jake Neighbours.
17:50 of 1st period - Shot Misses the Net.
17:52 of 1st period - Slapshot by Ty Emberson.
17:52 of 1st period - Stopped by Kevin Lankinen without a rebound.
17:53 of 1st period - Ryan Strome wins face-off versus Dylan Strome in New York Rangers zone.
17:54 of 1st period - Slapshot by Vladimir Tarasenko.
17:54 of 1st period - Stopped by Kevin Lankinen with a rebound.
17:56 of 1st period - Wrist shot by Rasmus Sandin.
17:56 of 1st period - Stopped by Kevin Lankinen with a rebound.
18:20 of 1st period - Jaden Schwartz is hit by Artemi Panarin and loses puck.
19:05 of 1st period - Noel Acciari is hit by Ryan Strome and loses puck.
19:20 of 1st period - David Kampf is hit by Alex Laferriere and loses puck.
19:50 of 1st period - Snap shot by Cole Caufield.
19:50 of 1st period - Shot Misses the Net.
19:52 of 1st period - Snap shot by Cole Caufield.
19:52 of 1st period - Stopped by Petr Mrazek with a rebound.
19:54 of 1st period - Slapshot by Jake Walman.
19:54 of 1st period - Deflect By Rasmus Sandin.
19:54 of 1st period - Goal by Jake Walman - Boston Bruins : 0 - New York Rangers : 1.
19:55 of 1st period - Cole Caufield wins face-off versus Ryan Strome in neutral zone.
19:58 of 1st period - Wrist shot by Artemi Panarin.
19:58 of 1st period - Shot Blocked by Maxim Tsyplakov.
Goals for this period are 0 for Boston Bruins vs 1 for New York Rangers.
Shots for this period are 7 for Boston Bruins vs 16 for New York Rangers.

2nd period


0:01 of 2nd period - Ryan Strome wins face-off versus Nathan MacKinnon in neutral zone.
0:04 of 2nd period - Wrist shot by Maxim Tsyplakov.
0:04 of 2nd period - Stopped by Kevin Lankinen without a rebound.
0:05 of 2nd period - Ryan Strome wins face-off versus Nathan MacKinnon in New York Rangers zone.
0:14 of 2nd period - Snap shot by Artemi Panarin.
0:14 of 2nd period - Stopped by Petr Mrazek without a rebound.
0:15 of 2nd period - Nathan MacKinnon wins face-off versus Jaden Schwartz in Boston Bruins zone.
0:28 of 2nd period - Wrist shot by Jaden Schwartz.
0:28 of 2nd period - Stopped by Kevin Lankinen with a rebound.
0:30 of 2nd period - Wrist shot by Jaden Schwartz.
0:30 of 2nd period - Stopped by Kevin Lankinen with a rebound.
0:42 of 2nd period - Ty Emberson is hit by Jake Walman and loses puck.
0:49 of 2nd period - Wrist shot by Conor Garland.
0:49 of 2nd period - Stopped by Petr Mrazek with a rebound.
0:51 of 2nd period - Wrist shot by Dylan Strome.
0:51 of 2nd period - Stopped by Petr Mrazek with a rebound.
0:53 of 2nd period - Slapshot by Cam Fowler.
0:53 of 2nd period - Shot Misses the Net.
1:07 of 2nd period - Slapshot by Viktor Arvidsson.
1:07 of 2nd period - Goal by Viktor Arvidsson - Boston Bruins : 1 - New York Rangers : 1.
1:08 of 2nd period - Jaden Schwartz wins face-off versus Cole Caufield in neutral zone.
1:26 of 2nd period - Icing by Samuel Girard.
1:27 of 2nd period - Dylan Strome wins face-off versus Jaden Schwartz in Boston Bruins zone.
1:58 of 2nd period - Slapshot by Maxim Tsyplakov.
1:58 of 2nd period - Deflect By Ryan Strome.
1:58 of 2nd period - Shot Hit the Post.
1:58 of 2nd period - Puck is out of play.
1:59 of 2nd period - Nathan MacKinnon wins face-off versus Ryan Strome in New York Rangers zone.
2:14 of 2nd period - Wrist shot by Nathan MacKinnon.
2:14 of 2nd period - Shot Misses the Net.
2:16 of 2nd period - Wrist shot by Dmitry Kulikov.
2:16 of 2nd period - Stopped by Petr Mrazek with a rebound.
2:35 of 2nd period - Slapshot by Conor Garland.
2:35 of 2nd period - Goal by Conor Garland - Boston Bruins : 1 - New York Rangers : 2.
2:36 of 2nd period - Nathan MacKinnon wins face-off versus Mark Kastelic in neutral zone.
2:58 of 2nd period - Icing by Adam Larsson.
2:59 of 2nd period - Nathan MacKinnon wins face-off versus Jaden Schwartz in New York Rangers zone.
3:26 of 2nd period - Marcus Foligno is hit by Victor Mancini and loses puck.
3:54 of 2nd period - Snap shot by Artemi Panarin.
3:54 of 2nd period - Shot Misses the Net.
4:16 of 2nd period - Snap shot by David Kampf.
4:16 of 2nd period - Goal by David Kampf - Boston Bruins : 1 - New York Rangers : 3.
4:17 of 2nd period - Ryan Strome wins face-off versus Cole Caufield in neutral zone.
5:47 of 2nd period - Snap shot by Nathan MacKinnon.
5:47 of 2nd period - Stopped by Petr Mrazek with a rebound.
6:26 of 2nd period - Victor Mancini is hit by Conor Garland and loses puck.
6:47 of 2nd period - Ryan Strome is hit by Noel Acciari and loses puck.
7:02 of 2nd period - Eric Robinson is hit by Jake Neighbours and loses puck.
7:17 of 2nd period - Snap shot by David Kampf.
7:17 of 2nd period - Stopped by Petr Mrazek without a rebound.
7:18 of 2nd period - Ryan Strome wins face-off versus Nathan MacKinnon in Boston Bruins zone.
7:20 of 2nd period - Minor Penalty to Maxim Tsyplakov for Tripping.
7:21 of 2nd period - Alex Laferriere wins face-off versus Nathan MacKinnon in Boston Bruins zone.
7:21 of 2nd period - Alex Laferriere is hit by Nathan MacKinnon.
7:58 of 2nd period - Slapshot by Mikael Granlund.
7:58 of 2nd period - Stopped by Petr Mrazek with a rebound.
8:58 of 2nd period - Minor Penalty to Conor Garland for Slashing.
8:59 of 2nd period - Joel Farabee wins face-off versus Artemi Panarin in New York Rangers zone.
9:20 of 2nd period - Penalty to Maxim Tsyplakov is over, Maxim Tsyplakov is back on ice.
9:26 of 2nd period - Ryan Strome is hit by Mikael Granlund and loses puck.
10:51 of 2nd period - Vladimir Tarasenko is hit by Nathan MacKinnon and loses puck.
10:58 of 2nd period - Penalty to Conor Garland is over, Conor Garland is back on ice.
11:11 of 2nd period - Off-side.
11:12 of 2nd period - Mark Kastelic wins face-off versus Nathan MacKinnon in neutral zone.
11:43 of 2nd period - Cam Fowler is hit by Joel Farabee.
12:20 of 2nd period - Wrist shot by David Kampf.
12:20 of 2nd period - Shot Misses the Net.
12:28 of 2nd period - Snap shot by Fabian Lysell.
12:28 of 2nd period - Deflect By Beck Malenstyn.
12:28 of 2nd period - Shot Blocked by Dmitry Kulikov.
12:28 of 2nd period - Puck is out of play.
12:29 of 2nd period - Ryan Strome wins face-off versus Artemi Panarin in New York Rangers zone.
13:06 of 2nd period - Snap shot by Mikael Granlund.
13:06 of 2nd period - Stopped by Petr Mrazek without a rebound.
13:07 of 2nd period - Teuvo Teravainen wins face-off versus Alex Laferriere in Boston Bruins zone.
13:22 of 2nd period - Icing by Jaden Schwartz.
13:23 of 2nd period - Cole Caufield wins face-off versus Jaden Schwartz in Boston Bruins zone.
13:52 of 2nd period - Wrist shot by Alex Laferriere.
13:52 of 2nd period - Shot Misses the Net.
13:54 of 2nd period - Slapshot by Ty Emberson.
13:54 of 2nd period - Shot Misses the Net.
13:58 of 2nd period - Slapshot by Jake Neighbours.
13:58 of 2nd period - Shot Blocked by Luke Schenn.
14:16 of 2nd period - Snap shot by David Kampf.
14:16 of 2nd period - Deflect By Noel Acciari.
14:16 of 2nd period - Stopped by Petr Mrazek with a rebound.
15:24 of 2nd period - Slapshot by Joel Farabee.
15:24 of 2nd period - Shot Misses the Net.
15:38 of 2nd period - Eric Robinson is hit by Beck Malenstyn and loses puck.
15:52 of 2nd period - Off-side.
15:53 of 2nd period - Ryan Strome wins face-off versus Marcus Foligno in neutral zone.
16:18 of 2nd period - Maxim Tsyplakov is hit by Mikael Granlund and loses puck.
16:47 of 2nd period - Snap shot by Mark Kastelic.
16:47 of 2nd period - Stopped by Kevin Lankinen with a rebound.
16:49 of 2nd period - Slapshot by Rasmus Sandin.
16:49 of 2nd period - Stopped by Kevin Lankinen with a rebound.
16:51 of 2nd period - Snap shot by Viktor Arvidsson.
16:51 of 2nd period - Shot Misses the Net.
16:53 of 2nd period - Snap shot by Viktor Arvidsson.
16:53 of 2nd period - Shot Misses the Net.
17:30 of 2nd period - Minor Penalty to Jake Neighbours for Holding.
17:31 of 2nd period - Dylan Strome wins face-off versus Alex Laferriere in Boston Bruins zone.
17:37 of 2nd period - Snap shot by Conor Garland.
17:37 of 2nd period - Shot Blocked by Adam Wilsby.
19:30 of 2nd period - Penalty to Jake Neighbours is over, Jake Neighbours is back on ice.
19:44 of 2nd period - John Marino is hit by Jake Walman and loses puck.
Goals for this period are 1 for Boston Bruins vs 2 for New York Rangers.
Shots for this period are 6 for Boston Bruins vs 11 for New York Rangers.

3rd period


0:01 of 3rd period - Ryan Strome wins face-off versus Nathan MacKinnon in neutral zone.
0:50 of 3rd period - Slapshot by Rasmus Sandin.
0:50 of 3rd period - Deflect By Jaden Schwartz.
0:50 of 3rd period - Stopped by Kevin Lankinen with a rebound.
1:10 of 3rd period - Slapshot by Nathan MacKinnon.
1:10 of 3rd period - Shot Blocked by Adam Wilsby.
1:28 of 3rd period - Olli Maatta is hit by Sam Colangelo and loses puck.
1:45 of 3rd period - Alex Laferriere is hit by Marcus Foligno and loses puck.
2:05 of 3rd period - Adam Larsson is hit by Viktor Arvidsson and loses puck.
2:44 of 3rd period - Minor Penalty to Jake Walman for Holding Stick.
2:45 of 3rd period - Jaden Schwartz wins face-off versus David Kampf in New York Rangers zone.
2:47 of 3rd period - Snap shot by Jake Neighbours.
2:47 of 3rd period - Goal by Jake Neighbours - Boston Bruins : 2 - New York Rangers : 3.
2:48 of 3rd period - Jaden Schwartz wins face-off versus Nathan MacKinnon in neutral zone.
2:51 of 3rd period - Snap shot by Jake Neighbours.
2:51 of 3rd period - Stopped by Kevin Lankinen with a rebound.
2:53 of 3rd period - Snap shot by Jaden Schwartz.
2:53 of 3rd period - Shot Misses the Net.
2:55 of 3rd period - Slapshot by Jake Neighbours.
2:55 of 3rd period - Stopped by Kevin Lankinen without a rebound.
2:56 of 3rd period - Nathan MacKinnon wins face-off versus Jaden Schwartz in New York Rangers zone.
3:12 of 3rd period - Snap shot by Jake Neighbours.
3:12 of 3rd period - Stopped by Kevin Lankinen with a rebound.
3:14 of 3rd period - Snap shot by Jaden Schwartz.
3:14 of 3rd period - Shot Misses the Net.
3:16 of 3rd period - Backhand shot by Jaden Schwartz.
3:16 of 3rd period - Stopped by Kevin Lankinen with a rebound.
3:18 of 3rd period - Slapshot by Ty Emberson.
3:18 of 3rd period - Deflect By Jake Neighbours.
3:18 of 3rd period - Shot Misses the Net.
3:18 of 3rd period - Puck is out of play.
3:19 of 3rd period - Dylan Strome wins face-off versus Ryan Strome in New York Rangers zone.
3:24 of 3rd period - Snap shot by Conor Garland.
3:24 of 3rd period - Shot Blocked by Maxim Tsyplakov.
3:32 of 3rd period - Snap shot by Vladimir Tarasenko.
3:32 of 3rd period - Shot Misses the Net.
3:34 of 3rd period - Slapshot by Rasmus Sandin.
3:34 of 3rd period - Stopped by Kevin Lankinen with a rebound.
3:41 of 3rd period - Icing by Luke Schenn.
3:42 of 3rd period - Mark Kastelic wins face-off versus Teuvo Teravainen in New York Rangers zone.
3:51 of 3rd period - Wrist shot by Viktor Arvidsson.
3:51 of 3rd period - Shot Misses the Net.
4:07 of 3rd period - Cole Caufield is hit by Maxim Tsyplakov and loses puck.
4:34 of 3rd period - Adam Larsson is hit by Alex Laferriere and loses puck.
4:41 of 3rd period - Samuel Girard is hit by Cam Fowler and loses puck.
4:54 of 3rd period - Slapshot by Alex Laferriere.
4:54 of 3rd period - Shot Misses the Net.
4:56 of 3rd period - Snap shot by Samuel Girard.
4:56 of 3rd period - Shot Blocked by Dmitry Kulikov.
4:58 of 3rd period - Snap shot by Alex Laferriere.
4:58 of 3rd period - Stopped by Kevin Lankinen with a rebound.
5:00 of 3rd period - Snap shot by Jaden Schwartz.
5:00 of 3rd period - Stopped by Kevin Lankinen without a rebound.
5:01 of 3rd period - Nathan MacKinnon wins face-off versus Ryan Strome in New York Rangers zone.
5:01 of 3rd period - Nathan MacKinnon is hit by Ty Emberson.
5:27 of 3rd period - Adam Larsson is hit by Mark Kastelic and loses puck.
6:03 of 3rd period - Rasmus Sandin is hit by Olli Maatta and loses puck.
6:16 of 3rd period - Snap shot by Fabian Lysell.
6:16 of 3rd period - Stopped by Kevin Lankinen with a rebound.
6:18 of 3rd period - Slapshot by Rasmus Sandin.
6:18 of 3rd period - Stopped by Kevin Lankinen without a rebound.
6:19 of 3rd period - Ryan Strome wins face-off versus Nathan MacKinnon in New York Rangers zone.
6:33 of 3rd period - Slapshot by Nathan MacKinnon.
6:33 of 3rd period - Shot Blocked by Ty Emberson.
7:12 of 3rd period - Off-side.
7:13 of 3rd period - Nathan MacKinnon wins face-off versus Jaden Schwartz in neutral zone.
7:16 of 3rd period - Backhand shot by Jake Walman.
7:16 of 3rd period - Shot Misses the Net.
7:26 of 3rd period - Wrist shot by Alex Laferriere.
7:26 of 3rd period - Stopped by Kevin Lankinen with a rebound.
7:28 of 3rd period - Wrist shot by Samuel Girard.
7:28 of 3rd period - Shot Blocked by Artemi Panarin.
7:34 of 3rd period - Double Minor Penalty to Artemi Panarin for Roughing.
7:35 of 3rd period - Mikael Granlund wins face-off versus Jaden Schwartz in New York Rangers zone.
9:42 of 3rd period - Mikael Granlund is hit by Sam Colangelo.
11:34 of 3rd period - Penalty to Artemi Panarin is over, Artemi Panarin is back on ice.
11:45 of 3rd period - Off-side.
11:46 of 3rd period - Dylan Strome wins face-off versus Sam Colangelo in neutral zone.
12:25 of 3rd period - Dmitry Kulikov is hit by Joel Farabee and loses puck.
12:46 of 3rd period - Wrist shot by Eric Robinson.
12:46 of 3rd period - Shot Blocked by Alex Laferriere.
12:48 of 3rd period - Slapshot by Noel Acciari.
12:48 of 3rd period - Stopped by Petr Mrazek with a rebound.
13:08 of 3rd period - Snap shot by Ryan Strome.
13:08 of 3rd period - Shot Misses the Net.
14:22 of 3rd period - Cole Caufield is hit by John Marino.
14:28 of 3rd period - Icing by Artemi Panarin.
14:29 of 3rd period - Nathan MacKinnon wins face-off versus Sam Colangelo in New York Rangers zone.
14:59 of 3rd period - Slapshot by Samuel Girard.
14:59 of 3rd period - Deflect By Sam Colangelo.
14:59 of 3rd period - Shot Misses the Net.
14:59 of 3rd period - Puck is out of play.
15:00 of 3rd period - Dylan Strome wins face-off versus Jaden Schwartz in New York Rangers zone.
15:00 of 3rd period - Dylan Strome is hit by Jake Neighbours.
15:11 of 3rd period - Icing by John Marino.
15:12 of 3rd period - Jaden Schwartz wins face-off versus Teuvo Teravainen in Boston Bruins zone.
15:26 of 3rd period - Snap shot by Jake Neighbours.
15:26 of 3rd period - Stopped by Kevin Lankinen without a rebound.
15:27 of 3rd period - Nathan MacKinnon wins face-off versus Mark Kastelic in New York Rangers zone.
16:20 of 3rd period - Wrist shot by Mikael Granlund.
16:20 of 3rd period - Shot Blocked by Alex Laferriere.
16:48 of 3rd period - Slapshot by Jaden Schwartz.
16:48 of 3rd period - Stopped by Kevin Lankinen with a rebound.
16:50 of 3rd period - Wrist shot by Ty Emberson.
16:50 of 3rd period - Stopped by Kevin Lankinen without a rebound.
16:51 of 3rd period - Mark Kastelic wins face-off versus Teuvo Teravainen in New York Rangers zone.
17:16 of 3rd period - Luke Schenn is hit by Sam Colangelo and loses puck.
17:37 of 3rd period - Off-side.
17:38 of 3rd period - Dylan Strome wins face-off versus Ryan Strome in neutral zone.
18:31 of 3rd period - Boston Bruins, Petr Mrazek is pulled from the net.
18:33 of 3rd period - Wrist shot by Jaden Schwartz.
18:33 of 3rd period - Shot Blocked by Teuvo Teravainen.
18:43 of 3rd period - Slapshot by Olli Maatta.
18:43 of 3rd period - Shot Blocked by Ty Emberson.
18:57 of 3rd period - Wrist shot by Sam Colangelo.
18:57 of 3rd period - Stopped by Kevin Lankinen without a rebound.
18:58 of 3rd period - Ben Simon call a timeout for Boston Bruins.
18:58 of 3rd period - Noel Acciari wins face-off versus Jaden Schwartz in New York Rangers zone.
19:53 of 3rd period - Snap shot by Mikael Granlund.
19:53 of 3rd period - Shot Blocked by Victor Mancini.
19:55 of 3rd period - Slapshot by Noel Acciari.
19:55 of 3rd period - Shot Hit the Post.
19:57 of 3rd period - Snap shot by Marcus Foligno.
19:57 of 3rd period - Goal by Marcus Foligno - Boston Bruins : 2 - New York Rangers : 4.
19:57 of 3rd period - Petr Mrazek from Boston Bruins was sent back in the game.
19:58 of 3rd period - Alex Laferriere wins face-off versus Dylan Strome in neutral zone.
Goals for this period are 1 for Boston Bruins vs 1 for New York Rangers.
Shots for this period are 16 for Boston Bruins vs 2 for New York Rangers.